 Dungeon Crawl Stone Soup version 0.31-a0-986-g5e6e4ef867 (webtiles) character file.

Game seed: 17843339501091594089

445 sammy202020 the Ruffian (level 7, 24/24 HPs)
             Began as a Vine Stalker Shapeshifter on Nov 19, 2023.
             Was an Initiate of Hepliaklqana.
             Quit the game on level 4 of the Dungeon.
             The game lasted 00:04:29 (2768 turns).

sammy202020 the Ruffian (Vine Stalker Shapeshifter) Turns: 2768, Time: 00:04:29

Health: 24/24      AC: 11    Str: 17    XL:     7   Next: 3%
Magic:  12/12      EV:  8    Int: 14    God:    Hepliaklqana [......]
Gold:   200        SH:  0    Dex: 13    Spells: 12/12 levels left

rFire   . .          .
                       - Unarmed
rCold   . . .        (shield currently unavailable)
rNeg    . . .        k - +0 chain mail
rPois   .            (no helmet)
rElec   .            (no cloak)
rCorr   .            n - +1 pair of gloves of Moepn {Slay+2}
SInv    .            f - +0 pair of boots
Will    .....        (no amulet) Stlth
                     (no ring)
HPRegen 1.04/turn    (no ring)
MPRegen 0.13/turn

%: guardian spirit
@: confused, flux-form, ambrosia-drunk, glowing
A: glow, contaminating, reduced hp, fangs 2, regeneration 1, magic shield,
antimagic bite, no potion heal 2, clever 1, deterioration 1
a: Begin Untransformation, Renounce Religion


You were on level 4 of the Dungeon.
You worshipped Hepliaklqana.
Hepliaklqana was noncommittal.
You were something dangerously unstable.
You visited 2 branches of the dungeon, and saw 5 of its levels.

You collected 200 gold pieces.

Inventory:

Missiles
 u - 6 poisoned darts
Armour
 a - a +0 animal skin
 f - a +0 pair of boots (worn)
 k - a +0 chain mail (worn)
 n - the +1 pair of gloves of Moepn (worn) {Slay+2}
   (You found it on level 2 of the Dungeon)

   Slay+2:    It affects your accuracy & damage with ranged weapons and melee
   (+2).
 o - a +0 helmet
Jewellery
 t - a ring of wizardry
Talismans
 c - a beast talisman
 d - a flux talisman (active)
Wands
 p - a wand of iceblast (7) (quivered)
Scrolls
 s - a scroll of fog
Potions
 b - a potion of lignification
 e - a potion of haste
 g - 2 potions of might
 i - 3 potions of degeneration
 j - 2 potions of brilliance {unknown}
 q - a potion of attraction {unknown}


   Skills:
 * Level 2.7 Fighting
 + Level 1.5 Armour
 + Level 2.3 Dodging
 * Level 4.3 Unarmed Combat
 * Level 3.0 Spellcasting
 * Level 4.1 Shapeshifting


You had 12 spell levels left.
You didn't know any spells.
Your spell library contained the following spells:

 Spells                   Type           Power      Damage    Failure   Level
 Slow                     Hex            8%         N/A       94%         1
 Confusing Touch          Hex            2%         N/A       100%        3
 Sigil of Binding         Hex            2%         N/A       100%        3
 Vampiric Draining        Necr           2%         2d6       100%        3


Dungeon Overview and Level Annotations

Branches:
Dungeon (4/15)             Temple (1/1) D:4

Altars:
Ashenzari
Cheibriados
Dithmenos
Fedhas
Hepliaklqana
Kikubaaqudgha
Nemelex Xobeh
Ru
Sif Muna
Uskayaw
Vehumet
Wu Jian
Yredelemnul
Zin
The Shining One

Shops:
D:4 (


Innate Abilities, Weirdness & Mutations

You are something dangerously unstable.
You glow with magical radiation, making you easy to see and hit.
Foes you strike become dangerously contaminated with magical radiation.
Your maximum health is decreased, since you lack skill for your form.
You are incapable of wielding weapons or throwing items.
You have extremely sharp teeth.
Your natural rate of healing is unusually fast.
When hurt, damage is shared between your health and your magic reserves.
Your bite disrupts and absorbs the magic of your enemies.
Potions cannot restore your health.
Your mind is acute. (Int +4, Str/Dex -1)
Your body sometimes deteriorates upon taking damage.


Message History

No target in view!
No target in view!
HP restored.
Magic restored.
You see here a +0 club.
You see here a +0 club.
You open the door.
There is an open door here.
A quokka comes into view.
A quokka is nearby!
A quokka is nearby!
You hit the quokka.
You kill the quokka!
Your Spellcasting skill increases to level 3!
No target in view!
Done exploring.
Unknown command.
Done exploring.
Done exploring.
No target in view!
As you read the scroll of teleportation, it crumbles to dust.
You feel strangely unstable.
As you read the scroll of fog, it dissolves into smoke.
As you read the scroll labelled SUNODD ZISIA, it crumbles to dust.
It is a scroll of amnesia.
You feel forgetful for a moment.
As you read the scroll of identify, it crumbles to dust.
e - a potion of haste It was a potion of ambrosia.
You are confused.
Your system rejects the healing.
You feel invigorated.
Your surroundings suddenly seem different.
It was a potion of mutation.
You feel extremely strange.
You feel vulnerable to cold. A pair of horns grows on your head!
Your +0 helmet falls away!
Okay, then.
You feel extremely strange.
You no longer feel vulnerable to cold.
The horns on your head shrink away.
You feel yourself wasting away.
You feel clever.
Are you sure you want to abandon this character and quit the game? (Confirm with "yes".)

#.#.######.#.#..⌠..
##.#.# #.#.......
#....# #.#.#.....
#....######.#.##[##.
#...........#....#..
##....###########.#..
#............)...<...
#.....###########.#.♣
#...p.# ###....
#.....# #.'....
#.....# #.#....
#.....# #.#....
####### #.#....
#.##### #.# #.#####
#......


There were no monsters in sight!

Vanquished Creatures
  2 ogres (D:4)
  An orc priest (D:4)
  A jelly (D:4)
  Jessica (D:2)
  An iguana (D:4)
  An orc wizard (D:4)
  Robin (D:3)
  3 adders
  3 worms
  2 dart slugs
  3 orcs (D:4)
  6 bats
  8 endoplasms
  3 giant cockroaches
  13 goblins
  8 hobgoblins
  9 jackals
  7 quokkas
  3 ball pythons
  2 frilled lizards
  7 kobolds
  6 rats
91 creatures vanquished.

Notes
Turn   | Place    | Note
-------+----------+-------------------------------------------
     0 | D:1      | sammy202020 the Vine Stalker Shapeshifter began the quest
                  | for the Orb.
     0 | D:1      | Reached XP level 1. HP: 9/9 MP: 2/2
   202 | D:1      | Reached skill level 1 in Fighting
   207 | D:1      | Reached XP level 2. HP: 14/14 MP: 1/3
   432 | D:1      | You fall into a shaft and drop 1 floor!
   474 | D:2      | Noticed Jessica
   487 | D:2      | Killed Jessica
   488 | D:2      | Reached skill level 1 in Spellcasting
   488 | D:2      | Reached XP level 3. HP: 12/18 MP: 5/5
   546 | D:2      | Found a hazy altar of Hepliaklqana.
   903 | D:2      | Reached XP level 4. HP: 22/22 MP: 5/7
   949 | D:2      | Identified the +1 pair of gloves of Moepn {Slay+2}
  1226 | D:3      | Noticed Robin
  1265 | D:3      | Killed Robin
  1387 | D:3      | Reached XP level 5. HP: 16/26 MP: 8/8
  1748 | D:4      | Found a staircase to the Ecumenical Temple.
  1754 | D:4      | Reached skill level 1 in Armour
  1849 | D:4      | Reached XP level 6. HP: 15/31 MP: 4/10
  1913 | D:4      | Found an ancient bone altar of Kikubaaqudgha.
  2015 | D:4      | Found Sowyejie's Weapon Emporium.
  2491 | D:4      | Reached XP level 7. HP: 23/35 MP: 12/12
  2550 | Temple   | Entered the Ecumenical Temple
  2574 | Temple   | Became a worshipper of Hepliaklqana the Forgotten
  2766 | D:4      | Gained mutation: You are vulnerable to cold. (rC-) [potion
                  | of mutation]
  2766 | D:4      | Gained mutation: You have a pair of small horns on your
                  | head. [potion of mutation]
  2767 | D:4      | Lost mutation: You are vulnerable to cold. (rC-) [potion of
                  | mutation]
  2767 | D:4      | Lost mutation: You have a pair of small horns on your head.
                  | [potion of mutation]
  2767 | D:4      | Gained mutation: Your body sometimes deteriorates upon
                  | taking damage. [potion of mutation]
  2767 | D:4      | Gained mutation: Your mind is acute. (Int +4, Str/Dex -1)
                  | [potion of mutation]
  2768 | D:4      | Quit the game

Illustrated notes

Levels and vault maps discovered:
D:1:      dpeg_arrival_water_fire, layout_basic, serial_curves, eino_curves_03,
          eino_curves_02, eino_curves_03, minmay_heptomino_h4
D:2:      minmay_chambers_of_twos, layout_basic, basic_altar,
          minmay_fractal_squares_gapless_5, uniq_jessica
D:3:      layout_basic, minmay_door_square, uniq_robin
D:4:      layout_basic, mainiacjoe_overflow_six_doors_small,
          minmay_temple_entry_large_hall, serial_shops, shop, st_stairs_13,
          chequers_mini_garden
Temple:   eino_temple_lava

Skill      XL: |  1  2  3  4  5  6  7 |
---------------+----------------------+-----
Fighting       | 1 2 |  2.7
Spellcasting   | 1 2 3 |  3.0
Dodging        | 2 |  2.3
Armour         | 1 |  1.5
Unarmed Combat | 4 |  4.3
Shapeshifting  | 4 |  4.1

Action                     |  1- 3 |  4- 6 |  7- 9 || total
---------------------------+-------+-------+-------++-------
  Melee: Unarmed           |    55 |   163 |     8 ||   226
         Bite              |    12 |    47 |     1 ||    60
         Punch             |     1 |       |       ||     1
    Use: Scroll            |       |     8 |     4 ||    12
         Potion            |       |       |     3 ||     3
   Stab: Sleeping          |     2 |       |       ||     2
 Armour: Animal skin       |    16 |       |       ||    16
         Chain mail        |    16 |   131 |     4 ||   151
  Dodge: Dodged            |    43 |    59 |       ||   102
   Form: Flux              |       |     1 |       ||     1

Table legend: (Time is in decaauts)
 A = Elapsed time spent in this place.
 B = Non-inter-level travel time spent in this place.
 C = Inter-level travel time spent in this place.
 D = Time resting spent in this place.
 E = Time spent auto-exploring this place.
 F = Levels seen in this place.
 G = Mean time per level.
                   A        B        C        D        E       F      G
               +--------+--------+--------+--------+--------+-----+--------+
         Total |   2752 |   2733 |     19 |      7 |   2077 |   5 |  550.4 |
       Dungeon |   2719 |   2700 |     19 |      7 |   2077 |   4 |  679.8 |
        Temple |     32 |     32 |      0 |      0 |      0 |   1 |   32.0 |
               +--------+--------+--------+--------+--------+-----+--------+

Top non-repeatable levels by time:
     D:4: 980 daAuts
     D:2: 746 daAuts
     D:3: 561 daAuts
     D:1: 430 daAuts
  Temple: 32 daAuts
